 Dungeon Crawl Stone Soup version 0.16-a0-2818-g1ef6e07 (webtiles) character file.

163 Johnny the Grave Robber (level 5, 0/40 HPs)
             Began as a Demigod Necromancer on Nov 28, 2014.
             Slain by a black bear (6 damage)
             ... on level 3 of the Dungeon.
             The game lasted 00:13:01 (5238 turns).

Johnny the Grave Robber (Demigod Necromancer)       Turns: 5238, Time: 00:13:01

Health: 0/40       AC:  3    Str: 16    XL:     5   Next: 0%
Magic:  1/12       EV: 13    Int: 21    God:
Gold:   106        SH:  0    Dex: 16    Spells: 2 memorised, 5 levels left

rFire  + . .     SeeInvis .     s - +0 spear
rCold  . . .     Clarity  .     a - +0 robe
rNeg   . . .     SustAb   +     (no shield)
rPois  .         Gourm    .     (no helmet)
rElec  .         Spirit   .     (no cloak)
rCorr  .         Warding  .     o - +0 pair of gloves
rMut   .         Stasis   .     (no boots)
MR     .....                    (no amulet)
Stlth  ++........               (no ring)
                                (no ring)

@: mighty, very slightly contaminated, not resistant to hostile enchantments,
unstealthy
A: deterioration 1, fire resistance 1, slow healing 1, sustain abilities
a: no special abilities


You were on level 3 of the Dungeon.
You were very hungry.

You visited 1 branch of the dungeon, and saw 3 of its levels.

You collected 106 gold pieces.

Inventory:

Hand weapons
 s - a +0 spear (weapon)
Armour
 a - a +0 robe (worn)
 o - a +0 pair of gloves (worn)
Scrolls
 d - 2 scrolls of remove curse {unknown}
 g - 3 scrolls of teleportation {unknown}
 h - a scroll of magic mapping {unknown}
 i - a scroll of random uselessness {unknown}
 j - a scroll of immolation {unknown}
 k - a scroll of enchant weapon {unknown}
 l - a scroll of fear {unknown}
 n - 4 scrolls of identify {unknown}
 p - a scroll of fog {unknown}
 r - a scroll of enchant armour {unknown}
Potions
 f - a potion of resistance
Books
 b - a book of Necromancy

   Spells                             Type                      Level
   *Pain                              Necromancy                   1
   Animate Skeleton                   Necromancy                   1
   *Vampiric Draining                 Necromancy                   3
   Regeneration                       Charms/Necromancy            3
   Animate Dead                       Necromancy                   4
   Control Undead                     Necromancy                   4
Comestibles
 c - 2 bread rations


   Skills:
 + Level 1.2 Fighting
 + Level 0.3 Polearms
 * Level 3.2 Dodging
 - Level 1.7 Stealth
 * Level 2.6 Spellcasting
 * Level 4.3 Necromancy


You had 5 spell levels left.
You knew the following spells:

 Your Spells              Type           Power        Failure   Level  Hunger
a - Pain                  Necr           ###.         1%          1    None
c - Vampiric Draining     Necr           ###.......   10%         3    ###....


Dungeon Overview and Level Annotations

Branches:
Dungeon (3/15)


Innate Abilities, Weirdness & Mutations

Your attributes are resistant to harm.
Your body is slowly deteriorating.
Your flesh is heat resistant.
You heal slowly when monsters are visible.


Message History

The black bear claws you but does no damage.
The black bear completely misses you.
You hit the black bear.
The black bear is severely wounded.
The black bear bites you. The black bear misses you. The black bear claws you.
* * * LOW HITPOINT WARNING * * *
The black bear closely misses you.
The black bear claws you but does no damage.
The black bear closely misses you.
Drink which item? (? for menu, Esc to quit)
You feel better.
It was a potion of curing.
The black bear barely misses you. The black bear closely misses you.
The black bear claws you.
Unknown command.
Drink which item? (? for menu, Esc to quit)
You're too hungry to go berserk.
It was a potion of berserk rage.
The black bear bites you. The black bear claws you.
The black bear closely misses you. The black bear bites you!
* * * LOW HITPOINT WARNING * * *
The black bear claws you.
You die...

#.# ###.##### #.#
############.#
#.#
#.........##.#
#.#
#.#######.##.#
#.####.# #.##.##
#.#....# #.....#
#.#....# ####..#
##.#....### #..#
#######...)..@h)#
...#
#........[......#
##.#
#.#####.........#
.. #.#
###.#...#### ###
#.# #...#>..# ##
#.# #.###...#
######. #.# #.#
##.## #...... #.#
#.# #.########
........ #.# #.#
#.........
..#####


You could see a black bear (berserk).

Vanquished Creatures
  An adder (D:2)
  7 gnolls
  3 worms (D:2)
  3 giant geckos
  An ooze (D:2)
  4 orcs (D:3)
  6 bats
  4 giant cockroaches
  8 hobgoblins
  5 kobolds
  A quokka (D:2)
  A ball python (D:2)
  5 giant newts
  8 goblins
  8 rats
65 creatures vanquished.

Notes
Turn   | Place    | Note
--------------------------------------------------------------
     0 | D:1      | Johnny, the Demigod Necromancer, began the quest for the Orb.
     0 | D:1      | Reached XP level 1. HP: 14/14 MP: 3/3
   656 | D:1      | Reached XP level 2. HP: 17/22 MP: 1/5
  1947 | D:3      | Reached XP level 3. HP: 20/27 MP: 4/8
  1952 | D:3      | Learned a level 3 spell: Vampiric Draining
  2321 | D:2      | Reached skill level 4 in Necromancy
  2817 | D:2      | Reached skill level 1 in Fighting
  3508 | D:2      | Found a snail-covered altar of Cheibriados.
  3508 | D:2      | Found a bloodstained altar of Trog.
  3559 | D:2      | Gained mutation: You heal slowly when monsters are visible. [potion of mutation]
  3559 | D:2      | Gained mutation: Your body is slowly deteriorating. [potion of mutation]
  3559 | D:2      | Gained mutation: Your flesh is heat resistant. [potion of mutation]
  3561 | D:2      | HP: 1/28 [poisoned by an adder]
  3698 | D:2      | Found a sparkling altar of Nemelex Xobeh.
  3698 | D:2      | Found a blossoming altar of Fedhas.
  3699 | D:2      | Found a basalt altar of Yredelemnul.
  3702 | D:2      | Found an iron altar of Okawaru.
  3787 | D:2      | Reached XP level 4. HP: 35/35 MP: 8/10
  5110 | D:3      | Reached XP level 5. HP: 25/40 MP: 10/12
  5130 | D:3      | Noticed a black bear
  5238 | D:3      | Slain by a black bear

Action                   |  1- 3 |  4- 6 || total
-------------------------+-------+-------++-------
Melee: Dagger            |    42 |       ||    42
       Unarmed           |     4 |       ||     4
       Short sword       |    80 |     2 ||    82
       Spear             |       |    53 ||    53
 Cast: Pain              |    79 |     2 ||    81
       Vampiric Draining |    11 |    22 ||    33
  Use: Potion            |     6 |     3 ||     9
 Stab: Sleeping          |     1 |     1 ||     2
  Eat: Chunk             |     5 |     1 ||     6
       Meat ration       |     1 |       ||     1
       Beef jerky        |     1 |       ||     1
       Bread ration      |       |     1 ||     1
